 Dungeon Crawl Stone Soup version 0.26.1-2-gb8aa6d0cf2 (webtiles) character file.

Game seed: 5486854282731818189

95 Magikarp the Chopper (level 4, -2/31 (34) HPs)
             Began as a Demonspawn Gladiator on Mar 29, 2021.
             Slain by a wight
             ... wielding a cursed +4 trident of freezing
              (7 damage)
             ... on level 4 of the Dungeon.
             The game lasted 00:08:15 (2711 turns).

Magikarp the Chopper (Demonspawn Gladiator)         Turns: 2711, Time: 00:08:16

HP:   -2/31 (34)    AC: 14    Str: 16    XL:     4   Next: 39%
MP:   4/4           EV: 12    Int:  9    God:
Gold: 242           SH:  0    Dex: 14    Spells: 3/3 levels left

rFire    . . .     SeeInvis .   a - +1 war axe
rCold    . . .     Faith    .   (no shield)
rNeg     . . .     Spirit   .   h - +5 ring mail
rPois    .         Reflect  .   (helmet restricted)
rElec    .         Harm     .   p - +2 cloak
rCorr    .         Rampage  .   l - +0 pair of gloves
Will     .....                  (no boots)
Stlth    +.........             (no amulet)
HPRegen  0.10/turn              (no ring)
MPRegen  0.09/turn              (no ring)

@: brilliant, drained
A: antennae 1
a: no special abilities


You were on level 4 of the Dungeon.
You visited 1 branch of the dungeon, and saw 4 of its levels.

You collected 242 gold pieces.

Inventory:

Hand Weapons
 a - a +1 war axe (weapon)
 e - a +0 short sword
Missiles
 d - 4 throwing nets (quivered)
Armour
 b - a +0 leather armour
 c - a +0 helmet
 h - a +5 ring mail (worn)
 i - a +0 chain mail
 l - a +0 pair of gloves (worn)
 n - a +0 scale mail
 o - a +0 barding
 p - a +2 cloak (worn)
Jewellery
 f - an uncursed ring of protection from fire {unknown}
Scrolls
 j - a scroll of immolation {unknown}
Potions
 k - 2 potions of resistance
 m - a potion of curing {unknown}


   Skills:
 + Level 2.4 Fighting
 + Level 3.7 Axes
 + Level 1.7 Throwing
 + Level 1.4 Armour
 + Level 3.3 Dodging


You had 3 spell levels left.
You didn't know any spells.
Your spell library was empty.

Dungeon Overview and Level Annotations

Branches:
Dungeon (4/15)
 Temple: D:4-7

Altars:
Dithmenos
Hepliaklqana


Innate Abilities, Weirdness & Mutations

You have a pair of small antennae on your head.


Message History

You hit the quokka.
The quokka is severely wounded.
The quokka bites you.
The wight hits you from afar with a +3 spear.
* * * LOW HITPOINT WARNING * * *
The wight hits you but does no damage. The quokka closely misses you.
You hit the quokka.
You kill the quokka!
The wight hits you but does no damage. x3
The wight hits you from afar with a cursed +4 trident of freezing.
* * * LOW HITPOINT WARNING * * *
You feel drained.
* * * LOW HITPOINT WARNING * * *
The wight freezes you.
* * * LOW HITPOINT WARNING * * *
The wight closely misses you.
It was a potion of brilliance.
You feel clever all of a sudden.
The wight hits you from afar with a cursed +4 trident of freezing!
You die...

#>.....# #.. #......#
######.# #......#
#...##.### #......#
#...'..... #......#
#...##.... #......#
##......... #..zz..#
#.....#.##.
#......####.###......
#...@..+....###.#.###
#......####.....#.##.
#####'###...#####.##.
#.###.#.## #.
#.##.....#
#.#......######
#.#...........#
#........####.#
#.##.....#


You could see 2 wights.

Vanquished Creatures
  2 adders (D:3)
  3 worms
  4 leopard geckos
  5 orcs (D:3)
  3 giant cockroaches
  2 goblins
  6 hobgoblins
  5 jackals
  2 quokkas
  10 bats
  4 frilled lizards
  5 kobolds
  A leopard gecko skeleton (D:4)
  4 rats
  4 toadstools (D:4)
60 creatures vanquished.

Vanquished Creatures (others)
  12 fungi (D:4)
12 creatures vanquished.

Grand Total: 72 creatures vanquished

Notes
Turn   | Place    | Note
-------+----------+-------------------------------------------
     0 | D:1      | Magikarp the Demonspawn Gladiator began the quest for the
                  | Orb.
     0 | D:1      | Reached XP level 1. HP: 16/16 MP: 1/1
    79 | D:1      | Gained mutation: You have a pair of small antennae on your
                  | head. [demonic ancestry]
    79 | D:1      | Reached XP level 2. HP: 5/22 MP: 2/2
  1176 | D:2      | Reached XP level 3. HP: 9/27 MP: 3/3
  1356 | D:2      | Reached skill level 1 in Armour
  1807 | D:3      | Reached XP level 4. HP: 20/34 MP: 4/4
  2256 | D:3      | Found a shadowy altar of Dithmenos.
  2256 | D:3      | Noticed a shadow
  2265 | D:3      | Found a hazy altar of Hepliaklqana.
  2711 | D:4      | Slain by a wight

Illustrated notes

Levels and vault maps discovered:
D:1:      lemuel_arrival_broad_hall, layout_basic
D:2:      layout_basic
D:3:      layout_loops_ring, riverfiend_overflow_shadow_ancestor, minmay_cut_off
D:4:      layout_basic, minmay_gold_behind_fungi, uniq_blork_the_orc

Skill      XL: |  1  2  3 |
---------------+----------+-----
Axes           | 3 |  3.7
Dodging        | 3 |  3.3
Armour         | 1 |  1.4
Fighting       | |  2.4
Throwing       | |  1.7

Action                   |  1- 3 |  4- 6 || total
-------------------------+-------+-------++-------
Melee: War axe           |   141 |    66 ||   207
  Use: Scroll            |     5 |     5 ||    10
       Potion            |     1 |     1 ||     2
Armor: Leather armour    |    75 |       ||    75
       Ring mail         |    29 |    25 ||    54
Dodge: Dodged            |   250 |    32 ||   282
